General information
			
			
        
        - name: BNet
 
        - type: Ladder 1vs1/FFA
 
        - host: Battle.net
 
        - saver: DawnHasCome
 
        
map: TerenasStand 
        - players: 2
 
        - length: 28:45
 
        - speed: Fast
 - version: 1.22 W3XP
 - replay type:  Public
 
» download(130 KB)
Players
        team 1 (loser) 
              
              
DawnHasCome (
red | 121 APM | 3475 actions | 28:45)
              
 4 Beastmaster 
 2 Summon Quilbeast
 2 Summon Hawk
 4 Pandaren Brewmaster 
 2 Breath of Fire
 2 Drunken Haze
 
                » actions 
                
                | Assign group hotkey | 57 |  | 
| Basic commands | 206 |  | 
| Build / train | 80 |  | 
| ESC pressed | 15 |  | 
| Enter build submenu | 30 |  | 
| Enter hero's abilities submenu | 8 |  | 
| Right click | 1564 |  | 
| Select / deselect | 926 |  | 
| Select group hotkey | 360 |  | 
| Use ability | 229 |  | 
                3475 total
 » units 
                
                | Wisp | 25 |  | 
| Forest Troll Berserker | 1 |  | 
| Dryad | 14 |  | 
| Druid of the Claw | 2 |  | 
                42 total
 » upgrades
                
                | Strength of the Wild | 2 |  | 
| Abolish Magic | 1 |  | 
| Druid of the Claw Training | 2 |  | 
| Mark of the Claw | 1 |  | 
                6 total
 » buildings
                
                | Altar of Elders | 2 |  | 
| Moon Well | 5 |  | 
| Hunter's Hall | 1 |  | 
| Ancient Protector | 1 |  | 
| Tree of Ages | 2 |  | 
| Ancient of Wonders | 5 |  | 
| Ancient of Lore | 7 |  | 
| Tree of Eternity | 1 |  | 
| Ancient of Wind | 1 |  | 
| Tree of Life | 4 |  | 
                29 total
 » build order
                00:04 Altar of Elders
00:06 Moon Well
00:41 Hunter's Hall
01:30 Altar of Elders
02:05 Ancient Protector
02:54 Tree of Ages
02:54 Tree of Ages
03:39 Moon Well
05:39 Ancient of Wonders
05:54 Ancient of Lore
05:58 Ancient of Lore
06:07 Ancient of Lore
06:19 Ancient of Lore
06:38 Tree of Eternity
07:11 Ancient of Lore
07:21 Ancient of Wonders
07:48 Moon Well
08:26 Ancient of Wonders
08:51 Ancient of Lore
09:29 Ancient of Wonders
09:31 Moon Well
10:05 Ancient of Wonders
10:32 Ancient of Lore
12:20 Ancient of Wind
14:03 Tree of Life
14:32 Moon Well
14:50 Tree of Life
19:50 Tree of Life
20:40 Tree of Life
» items
                
                | Orb of Venom | 1 |  | 
| Lesser Clarity Potion | 3 |  | 
| Potion of Healing | 4 |  | 
| Staff of Preservation | 1 |  | 
| Potion of Mana | 1 |  | 
| Scroll of Town Portal | 4 |  | 
| Anti-magic Potion | 4 |  | 
| Moonstone | 1 |  | 
                19 total
  
               team 2 (winner) 
              
              
Undeadisdead (
blue | 146 APM | 4205 actions | 28:45)
              
 5 Death Knight 
 3 Death Coil
 1 Unholy Aura
 1 Death Pact
 4 Lich 
 2 Frost Nova
 2 Dark Ritual
 
                » actions 
                
                | Assign group hotkey | 129 |  | 
| Basic commands | 170 |  | 
| Build / train | 81 |  | 
| Enter build submenu | 17 |  | 
| Enter hero's abilities submenu | 9 |  | 
| Give item / drop item | 1 |  | 
| Remove unit from queue | 1 |  | 
| Right click | 2172 |  | 
| Select / deselect | 634 |  | 
| Select group hotkey | 871 |  | 
| Use ability | 119 |  | 
                4205 total
 » units 
                
                | Acolyte | 10 |  | 
| Ghoul | 9 |  | 
| Gargoyle | 22 |  | 
| Obsidian Statue | 1 |  | 
| Abomination | 1 |  | 
                43 total
 » upgrades
                
                | Stone Form | 1 |  | 
| Ghoul Frenzy | 1 |  | 
| Creature Carapace | 1 |  | 
| Destroyer Form | 1 |  | 
| Creature Attack | 1 |  | 
                5 total
 » buildings
                
                | Crypt | 2 |  | 
| Ziggurat | 6 |  | 
| Altar of Darkness | 1 |  | 
| Tomb of Relics | 1 |  | 
| Nerubian Tower | 2 |  | 
| Halls of the Dead | 1 |  | 
| Graveyard | 1 |  | 
| Black Citadel | 1 |  | 
| Slaughterhouse | 2 |  | 
| Spirit Tower | 1 |  | 
                18 total
 » build order
                00:06 Crypt
00:09 Ziggurat
00:24 Altar of Darkness
01:10 Ziggurat
01:18 Tomb of Relics
01:29 Nerubian Tower
03:02 Halls of the Dead
03:33 Graveyard
04:30 Crypt
05:35 Ziggurat
05:37 Ziggurat
06:20 Black Citadel
08:24 Slaughterhouse
08:35 Slaughterhouse
17:17 Ziggurat
17:18 Ziggurat
18:21 Nerubian Tower
20:08 Spirit Tower
» items
                
                | Rod of Necromancy | 5 |  | 
| Dust of Appearance | 1 |  | 
| Potion of Healing | 2 |  | 
| Orb of Corruption | 1 |  | 
| Scroll of Healing | 2 |  | 
| Potion of Lesser Invulnerability | 1 |  | 
| Scroll of Town Portal | 2 |  | 
| Potion of Mana | 2 |  | 
                16 total
  
                Chat log
          (00:36 / All) Undeadisdead: gl hf
(25:05 / All) Undeadisdead: gg